 Dungeon Crawl Stone Soup version 0.13-a0-2537-g1f6edf4 (webtiles) character file.

200 Kae the Ruinous (level 4, -4/24 HPs)
             Began as a Tengu Fire Elementalist on July 27, 2013.
             Slain by a gnoll
             ... wielding a +0,+1 spear of venom
              (13 damage)
             ... on Level 2 of the Dungeon.
             The game lasted 00:02:22 (1953 turns).

Kae the Ruinous (Tengu Fire Elementalist)           Turns: 1953, Time: 00:02:22

HP  -4/24        AC  2     Str  9      XL: 4   Next: 66%
MP   2/8         EV 12     Int 16      God:
Gold 105         SH  0     Dex 14      Spells:  2 memorised,  3 levels left

Res.Fire  : . . .   See Invis. : .   (no weapon)
Res.Cold  : . . .   Warding    : .   a - +0 robe
Life Prot.: . . .   Conserve   : .   (no shield)
Res.Poison: .       Res.Corr.  : .   (helmet restricted)
Res.Elec. : .       Clarity    : .   (no cloak)
Sust.Abil.: . .     Spirit.Shd : .   (no gloves)
Res.Mut.  : .       Stasis     : .   (boots unavailable)
Res.Rott. : .       Flight     : .   (no amulet)
Saprovore : . . .                    (no ring)
                                     (no ring)

@: mildly poisoned, slightly resistant to hostile enchantments, fairly stealthy
A: beak, talons 3
a: no special abilities


You were on level 2 of the Dungeon.
You were not hungry.

You visited 1 branch of the dungeon, and saw 2 of its levels.

You collected 85 gold pieces.

Inventory:

Armour
 a - a +0 robe (worn)
Magical devices
 q - a wand of random effects (7) {unknown}
Comestibles
 c - a bread ration
 h - a choko
 s - 2 chunks of hobgoblin flesh
 u - a chunk of giant cockroach flesh
Scrolls
 e - 3 scrolls of identify {unknown}
 f - a scroll of enchant armour {unknown}
 i - a scroll of teleportation {unknown}
 j - a scroll of fear {unknown}
 k - 2 scrolls of remove curse {unknown}
 m - a scroll of recharging {unknown}
 n - a scroll of curse armour {unknown}
 r - a scroll of enchant weapon II {unknown}
Jewellery
 g - an uncursed amulet of faith {unknown}
 o - a cursed ring of ice {unknown}
 p - an uncursed amulet of resist mutation {unknown}
 t - an uncursed ring of sustain abilities {unknown}
Potions
 d - 2 potions of curing
 l - a potion of brilliance {unknown}
Books
 b - a book of Flames

   Spells                             Type                      Level
   *Flame Tongue                      Conjuration/Fire             1
   *Throw Flame                       Conjuration/Fire             2
   Conjure Flame                      Conjuration/Fire             3
   Inner Flame                        Hexes/Fire                   3
   Sticky Flame                       Conjuration/Fire             4
   Fireball                           Conjuration/Fire             5


   Skills:
 - Level 2.1 Dodging
 - Level 2.0 Stealth
 + Level 1.8 Spellcasting
 * Level 4.2 Conjurations
 + Level 4.1 Fire Magic


You had 3 spell levels left.
You knew the following spells:

 Your Spells              Type           Power        Failure   Level  Hunger
a - Flame Tongue          Conj/Fire      ##...        4%          1    ##.....
b - Throw Flame           Conj/Fire      ##....       8%          2    ###....


Dungeon Overview and Level Annotations

Branches:
Dungeon (2/27)

Altars:
Fedhas


Innate Abilities, Weirdness & Mutations

You have a beak for a mouth.
You have claws for feet.


Message History

The gnoll barely misses you.
Casting: Flame Tongue
Confirm with . or Enter, or press ? or * to list all spells.
Aiming: Flame Tongue
Press: ? - help, Shift-Dir - straight line, f/p - gnoll
Aim: a gnoll, wielding a club (severely wounded)
The flame hits the gnoll.
The gnoll is almost dead.
The gnoll hits you from afar with a runed spear!
You are poisoned.
Casting: Flame Tongue
Confirm with . or Enter, or press ? or * to list all spells.
Aiming: Flame Tongue
Press: ? - help, Shift-Dir - straight line, f/p - gnoll
Aim: a gnoll, wielding a club (almost dead)
The flame hits the gnoll.
You kill the gnoll!
The gnoll hits you from afar with a spear of venom!
Ouch! That really hurt!
You die...

####+####### ###.#
#...# ###'### ### #
###.....# ..# #.
#>'.....# ..+ #..
##.#.....# ..# +...
###..#.....# ..#
#....###...##.....#
..#
#...gg)@.####.....#
..# #....#####
####+## #.## #...
._.# #.. #.## ##
#### ...# ...# ...#


You could see 2 gnolls.

Vanquished Creatures
  Jessica (D:2)
  2 gnolls (D:2)
  2 adders (D:2)
  A worm (D:2)
  An inept feature mimic (D:2)
  A ball python (D:2)
  4 bats (D:1)
  2 giant cockroaches
  4 hobgoblins
  A quokka (D:2)
  3 giant newts (D:1)
  3 goblins
  3 kobolds
  2 rats (D:2)
30 creatures vanquished.

Notes
Turn   | Place    | Note
--------------------------------------------------------------
     0 | D:1      | Kae, the Tengu Fire Elementalist, began the quest for the Orb.
     0 | D:1      | Reached XP level 1. HP: 10/10 MP: 3/3
   336 | D:1      | Reached XP level 2. HP: 15/15 MP: 1/5
   343 | D:1      | Learned a level 2 spell: Throw Flame
   853 | D:2      | Reached XP level 3. HP: 11/19 MP: 0/6
  1178 | D:2      | Noticed Jessica
  1187 | D:2      | Killed Jessica
  1333 | D:2      | Found a blossoming altar of Fedhas.
  1351 | D:2      | Reached XP level 4. HP: 13/24 MP: 8/8
  1366 | D:2      | Reached skill level 4 in Fire Magic
  1953 | D:2      | Slain by a gnoll

Action                   |  1- 3 |  4- 6 || total
-------------------------+-------+-------++-------
Melee: Unarmed           |    18 |       ||    18
 Cast: Flame Tongue      |    32 |    27 ||    59
       Throw Flame       |     2 |       ||     2
  Use: Potion            |     1 |       ||     1
